 Dungeon Crawl Stone Soup version 0.31-a0-845-g9abc20d24f (webtiles) character file.

Game seed: 16679901443083028126

55 BinkBink the Grasshopper (level 3, -2/21 HPs)
             Began as a Deep Elf Warper on Oct 3, 2023.
             Succumbed to Sigmund's poison
             ... on level 2 of the Dungeon.
             The game lasted 00:04:57 (1605 turns).

BinkBink the Grasshopper (Deep Elf Warper)          Turns: 1605, Time: 00:04:58

Health: -2/21      AC:  3    Str:  8    XL:     3   Next: 67%
Magic:  8/10       EV: 12    Int: 17    God:
Gold:   117        SH:  0    Dex: 16    Spells: 7/9 levels left

rFire   . . .        j - +0 sling
rCold   . . .        (no shield)
rNeg    . . .        b - +0 leather armour
rPois   .            (no helmet)
rElec   .            (no cloak)
rCorr   .            (no gloves)
SInv    .            (no boots)
Will    .....        (no amulet)
Stlth   +            (no ring)
HPRegen 0.23/turn    (no ring)
MPRegen 0.12/turn

%: no passive effects
@: lethally poisoned (-2 -> -25), on blink cooldown
A: no striking features
a: no special abilities


You were on level 2 of the Dungeon.
You visited 1 branch of the dungeon, and saw 2 of its levels.

You collected 117 gold pieces.

Inventory:

Hand Weapons
 h - a +0 dagger of venom
 j - a +0 sling (weapon)
 l - a +3 short sword
Armour
 b - a +0 leather armour (worn)
Magical Staves
 i - a staff of conjuration
Jewellery
 e - a ring of fire
 m - an amulet of magic regeneration
Talismans
 d - a beast talisman
Wands
 o - a wand of flame (29)
Scrolls
 n - a scroll of identify {unknown}
Potions
 a - 2 potions of attraction {unknown}
 f - 2 potions of degeneration {unknown}
 g - 2 potions of berserk rage {unknown}
 k - a potion of might {unknown}
 p - 2 potions of heal wounds {unknown}


   Skills:
 + Level 2.0 Fighting
 - Level 2.0 Short Blades
 * Level 1.9 Ranged Weapons
 - Level 1.4 Throwing
 - Level 0.7 Armour
 - Level 2.4 Dodging
 + Level 3.7 Spellcasting
 + Level 3.8 Translocations


You had 7 spell levels left.
You knew the following spells:

 Your Spells              Type           Power      Damage    Failure   Level
a - Blink                 Tloc           32%        N/A       8%          2

Your spell library contained the following spells:

 Spells                   Type           Power      Damage    Failure   Level
 Lesser Beckoning         Tloc           32%        N/A       8%          2
 Teleport Other           Tloc           16%        N/A       14%         3
 Slow                     Hex            12%        N/A       22%         1
 Manifold Assault         Tloc           16%        N/A       43%         4
 Confusing Touch          Hex            3%         N/A       56%         3
 Sigil of Binding         Hex            3%         N/A       56%         3
 Vampiric Draining        Necr           3%         2d6       56%         3
 Vhi's Electric Charge    Tloc/Air       18%        N/A       71%         4


Dungeon Overview and Level Annotations

Branches:
Dungeon (2/15)

Altars:

Annotations:
D:2 Sigmund


Message History

You shoot a sling bullet. The sling bullet hits the orc.
You kill the orc!
Things that are here:
a +0 short sword; 3 boomerangs Sigmund shouts!
You shoot a sling bullet. The sling bullet barely misses Sigmund.
Sigmund points at you and mumbles some strange words.
The magic dart hits you!
An orc comes into view. It is wielding a +0 dagger.
Things that are here:
a +0 short sword; 3 boomerangs
Items here: ( )) †.
Sigmund gestures at you while chanting.
You are confused.
You bump into the rock wall.
You bump into the rock wall.
Sigmund screams, "Don't try to resist!"
You bump into the rock wall.
You feel less confused. Sigmund gestures at you while chanting.
You are confused.
You bump into the rock wall.
You are too confused!
You bump into the rock wall.
Sigmund barely misses you.
You are too confused!
You're too confused to move!
Sigmund hits you but does no damage.
You are poisoned.
You feel less confused.
You feel very sick.
Casting: Blink (safe; 8% risk of failure)
Confirm with . or Enter, or press ? or * to list all spells.
You blink.
You feel sick.
Sigmund giggles. "Time to reap what you sow."
Sigmund hits you with a +2 scythe of venom!
* * * LOW HITPOINT WARNING * * *
You are more poisoned.
Blink to where?
Press: ? - help, Dir - move target, p - Sigmund
As you read the scroll of blinking, it crumbles to dust.
You die...

...............######.....#
#
......†(###.##.......#######
#
.......).....#.............#
#
........###..########.####.#
# .##..^..# #..# #.####.# #
........# #..# #...##.###
....###.# #..# ###..#....
.... #.#
#..###########...... .## #.#
#..@.).).....###>##.
...###..)......§#.# ####.
........#######@#.# #.
######..# #.#.# #. ....#
#.#.# #. ..~...# #.#.# #.
........# #.#.# #. .o......#
#.#.# #. o.......# #.#.# #.


You could see Sigmund.

Vanquished Creatures
  A worm (D:2)
  4 dart slugs (D:1)
  3 orcs (D:2)
  4 endoplasms (D:1)
  A giant cockroach (D:1)
  2 goblins (D:1)
  2 hobgoblins
  3 quokkas (D:1)
  4 ball pythons (D:1)
  A bat (D:1)
  5 frilled lizards
  6 kobolds
  4 rats
40 creatures vanquished.

Notes
Turn   | Place    | Note
-------+----------+-------------------------------------------
     0 | D:1      | BinkBink the Deep Elf Warper began the quest for the Orb.
     0 | D:1      | Reached XP level 1. HP: 12/12 MP: 6/6
   225 | D:1      | Reached XP level 2. HP: 16/17 MP: 8/8
   339 | D:1      | Learned a level 2 spell: Blink
   659 | D:1      | Reached skill level 1 in Ranged Weapons
   659 | D:1      | Reached XP level 3. HP: 21/21 MP: 10/10
  1205 | D:2      | Noticed Sigmund
  1221 | D:2      | HP: 1/21 [something/puff of flame (9)]
  1605 | D:2      | Succumbed to Sigmund's poison

Illustrated notes

Levels and vault maps discovered:
D:1:      reono_arrival_forest_river, layout_loops_cross, serial_forest,
          infiniplex_forest_clump_double, infiniplex_forest_straight_4,
          infiniplex_forest_lined_room_3, infiniplex_forest_corner_2,
          infiniplex_forest_clump_tiny, infiniplex_forest_clump_long,
          infiniplex_forest_lined_4_way, infiniplex_forest_pool
D:2:      cheibrodos_pilgrimage, layout_basic,
          dreamdust_ecumenical_altar_hidden_monk_grotto, uniq_sigmund,
          uniq_jessica

Skill      XL: |  1  2 |
---------------+-------+-----
Fighting       | 2 |  2.0
Ranged Weapons | 1 |  1.9
Short Blades   | |  2.0
Throwing       | |  1.4
Armour         | |  0.7
Dodging        | |  2.4
Spellcasting   | |  3.7
Translocations | |  3.8

Action                     || total
---------------------------++-------
  Melee: Short sword       ||    54
         Dagger            ||    12
   Fire: Sling             ||    82
  Throw: Dart              ||     7
   Cast: Blink             ||     6
    Use: Scroll            ||     1
   Stab: Distracted        ||     1
 Armour: Leather armour    ||    43
  Dodge: Dodged            ||    49

Table legend: (Time is in decaauts)
 A = Elapsed time spent in this place.
 B = Non-inter-level travel time spent in this place.
 C = Inter-level travel time spent in this place.
 D = Time resting spent in this place.
 E = Time spent auto-exploring this place.
 F = Levels seen in this place.
 G = Mean time per level.
                   A        B        C        D        E       F      G
               +--------+--------+--------+--------+--------+-----+--------+
         Total |   1640 |   1535 |    105 |     20 |   1128 |   2 |  820.0 |
       Dungeon |   1640 |   1535 |    105 |     20 |   1128 |   2 |  820.0 |
               +--------+--------+--------+--------+--------+-----+--------+

Top non-repeatable levels by time:
     D:1: 1218 daAuts
     D:2: 421 daAuts
